 Dungeon Crawl Stone Soup version 0.30-a0-913-g9934a0ce24 (webtiles) character file.

Game seed: 14028243946847392313

133 jasper the Trooper (level 4, -6/39 HPs)
             Began as a Demonspawn Wanderer on Mar 19, 2023.
             Killed by divine providence
             ... invoked by an orc priest
              (16 damage)
             ... on level 3 of the Dungeon.
             The game lasted 00:05:44 (2363 turns).

jasper the Trooper (Demonspawn Wanderer)            Turns: 2363, Time: 00:05:45

Health: -6/39      AC: 13    Str: 20    XL:     4   Next: 93%
Magic:  5/5        EV:  7    Int: 16    God:
Gold:   194        SH:  0    Dex: 10    Spells: 1/5 levels left

rFire   . . .      SeeInvis .    m - +0 mace
rCold   . . .      Faith    .    (no shield)
rNeg    . . .      Spirit   .    d - +0 chain mail
rPois   +          Reflect  .    (no helmet)
rElec   .          Rampage  .    (no cloak)
rCorr   .                        (no gloves)
Will    .....                    o - +1 pair of boots Stlth
                                 (no amulet)
HPRegen 0.26/turn                f - +6 ring of strength
MPRegen 0.18/turn                g - ring of poison resistance

@: no status effects
A: molten scales 1, powered by pain 1, magic regeneration
a: no special abilities


You were on level 3 of the Dungeon.
You visited 1 branch of the dungeon, and saw 3 of its levels.

You collected 194 gold pieces.

Inventory:

Hand Weapons
 a - a +0 club
 m - a +0 mace (weapon)
Missiles
 j - 32 stones
 l - 3 boomerangs (quivered)
Armour
 d - a +0 chain mail (worn)
 o - a +1 pair of boots (worn)
Jewellery
 f - a +6 ring of strength (left hand)
 g - a ring of poison resistance (right hand)
Scrolls
 b - 4 scrolls of teleportation
 i - a scroll of identify
Potions
 c - 2 potions of haste
 e - a potion of brilliance
 h - 2 potions of curing
 k - 2 potions of heal wounds
 n - a potion of cancellation
 p - 2 potions of flight
 q - a potion of resistance


   Skills:
 - Level 5.0 Fighting
 - Level 4.5 Armour
 - Level 1.0 Spellcasting
 + Level 1.1 Conjurations
 - Level 2.0 Hexes


You had one spell level left.
You knew the following spells:

 Your Spells              Type           Power      Damage    Failure   Level
a - Slow                  Hex            28%        N/A       67%         1
b - Mephitic Cloud        Conj/Pois/Air  2%         N/A       99%         3

Your spell library contained the following spells:

 Spells                   Type           Power      Damage    Failure   Level
 Magic Dart               Conj           16%        1d3       80%         1
 Confusing Touch          Hex            7%         N/A       96%         3
 Call Imp                 Summ           0%         N/A       97%         2


Dungeon Overview and Level Annotations

Branches:
Dungeon (3/15)

Altars:
Vehumet


Innate Abilities, Weirdness & Mutations

You are partially covered in molten scales. (AC +2)
You sometimes gain a little power by taking damage.
You regenerate magic rapidly.


Message History

The orc priest miscasts a cantrip.
Throw: 3 boomerangs
Press: ? - help, Q - select action, (/) - cycle Shift-Dir - straight line, f/p - orc
Aim: an orc, wielding a +0 whip (57% to hit)
You throw a boomerang. The boomerang closely misses the orc.
The boomerang hits the giant cockroach.
You kill the giant cockroach!
The orc hits you with a +0 whip.
You take 4 damage, and have 35/39 hp.
You barely miss the orc. The orc hits you with a +0 whip.
You take 5 damage, and have 30/39 hp.
You barely miss the orc. The orc hits you but does no damage.
The orc completely misses you.
The orc priest looks satisfied for a moment.
You sock the orc!
You kill the orc!
Okay, then.
You closely miss the orc priest.
The orc priest hits you with a +0 hand axe.
The orc priest barely misses you.
You take 6 damage, and have 25/39 hp.
You hit the orc priest.
The orc priest is heavily wounded.
The orc priest hits you with a +0 hand axe.
You take 3 damage, and have 22/39 hp.
You closely miss the orc priest.
The orc priest is heavily wounded.
The orc priest hits you but does no damage.
You barely miss the orc priest.
The orc priest is heavily wounded.
The orc priest hits you but does no damage.
The orc priest invokes the aid of Beogh against you.
Beogh smites you!
* * * LOW HITPOINT WARNING * * *
You take 13 damage, and have 9/39 hp.
MASSIVE DAMAGE!!
You barely miss the orc priest.
The orc priest is heavily wounded.
The orc priest calls down the wrath of Beogh upon you.
Beogh smites you!
You die...

##.......########......
.......................
#.........#######......
#.........#.#..........
#.........#.......#####
#.#+###+#.#...###.#
#.#.#############
#.#.###.#.............#
#....o@.............#.#
.....###...........#.#.#
.#. ##########.##.#.#
#.##.#.# ###.##.#.#
#......#.# ########.#


You could see an orc priest.

Vanquished Creatures
  6 adders
  A worm (D:3)
  2 dart slugs
  4 orcs (D:3)
  4 ball pythons
  4 bats
  5 endoplasms
  4 giant cockroaches
  6 goblins
  8 hobgoblins
  2 jackals (D:1)
  3 quokkas
  6 kobolds
  9 rats
64 creatures vanquished.

Vanquished Creatures (others)
  A fungus (D:1)
  3 toadstools (D:1)
4 creatures vanquished.

Grand Total: 68 creatures vanquished

Notes
Turn   | Place    | Note
-------+----------+-------------------------------------------
     0 | D:1      | jasper the Demonspawn Wanderer began the quest for the Orb.
     0 | D:1      | jasper set off with the following items: a +0 club, a
                  | scroll of teleportation, a potion of haste, a +0 chain
                  | mail; and the following spell memorised: Slow; and the
                  | following spells available to memorise: Confusing Touch.
     0 | D:1      | Reached XP level 1. HP: 16/16 MP: 2/2
   230 | D:1      | Gained mutation: You sometimes gain a little power by
                  | taking damage. [demonic ancestry]
   230 | D:1      | Reached XP level 2. HP: 23/23 MP: 3/3
   383 | D:1      | Reached skill level 3 in Fighting
  1147 | D:1      | Found a faded altar of an unknown god.
  1377 | D:2      | Gained mutation: You are partially covered in molten
                  | scales. (AC +2) [demonic ancestry]
  1377 | D:2      | Reached XP level 3. HP: 29/29 MP: 4/4
  1415 | D:2      | Reached skill level 4 in Fighting
  1643 | D:2      | Gained mutation: You regenerate magic rapidly. [demonic
                  | ancestry]
  1643 | D:2      | Reached XP level 4. HP: 38/38 MP: 5/5
  2079 | D:2      | Learned a level 3 spell: Mephitic Cloud
  2187 | D:3      | Reached skill level 5 in Fighting
  2210 | D:3      | Found a radiant altar of Vehumet.
  2308 | D:3      | Reached skill level 1 in Conjurations
  2363 | D:3      | Killed from afar by an orc priest

Illustrated notes

Levels and vault maps discovered:
D:1:      saegor_arrival_simple_c, layout_loops_corners,
          chequers_ecumenical_altar_lobes, minmay_gold_behind_fungi,
          minivault_23, minmay_misc_feat_encased
D:2:      minmay_chambers_of_twos, layout_rooms, kennysheep_cross_bottleneck,
          minmay_hedge_maze, amethyst_killhole
D:3:      layout_basic, nicolae_vehumet_radiance,
          nicolae_overflow_ecumenical_swirl, corexii_shack

Skill      XL: |  1  2  3  4 |
---------------+-------------+-----
Fighting       | 3 4 5 |  5.0
Conjurations   | 1 |  1.1
Armour         | |  4.5
Spellcasting   | |  1.0
Hexes          | |  2.0

Action                     |  1- 3 |  4- 6 || total
---------------------------+-------+-------++-------
  Melee: Club              |    44 |       ||    44
         Mace              |    74 |   116 ||   190
         Punch             |     1 |       ||     1
  Throw: Stone             |     5 |       ||     5
         Boomerang         |       |     2 ||     2
    Use: Scroll            |     7 |     2 ||     9
 Armour: Chain mail        |    87 |   102 ||   189
  Dodge: Dodged            |    55 |    47 ||   102

Table legend: (Time is in decaauts)
 A = Elapsed time spent in this place.
 B = Non-inter-level travel time spent in this place.
 C = Inter-level travel time spent in this place.
 D = Time resting spent in this place.
 E = Time spent auto-exploring this place.
 F = Levels seen in this place.
 G = Mean time per level.
                   A        B        C        D        E       F      G
               +--------+--------+--------+--------+--------+-----+--------+
         Total |   2459 |   2275 |    184 |     83 |   1206 |   3 |  819.7 |
       Dungeon |   2459 |   2275 |    184 |     83 |   1206 |   3 |  819.7 |
               +--------+--------+--------+--------+--------+-----+--------+

Top non-repeatable levels by time:
     D:1: 1404 daAuts
     D:2: 807 daAuts
     D:3: 248 daAuts
